 Dungeon Crawl Stone Soup version 0.31.0-4-g52a2dc7128 (webtiles) character file.

Game seed: 1177949402418780489

376 Crownlay the Trooper (level 7, -2/54 HPs)
             Began as a Djinni Monk on Jan 22, 2024.
             Splashed by a jelly's acid (5 damage)
             ... on level 4 of the Dungeon.
             The game lasted 00:04:39 (3039 turns).

Crownlay the Trooper (Djinni Monk)                  Turns: 3039, Time: 00:04:40

Health: -2/54      AC: 11    Str: 10    XL:     7   Next: 3%
Gold:   214        EV: 14    Int: 14    God:
                   SH:  0    Dex: 21

rFire   + + .        l - +0 dagger (protect)
rCold   x . .        d - orb {light}
rNeg    . . .        b - +0 robe
rPois   ∞            o - +0 helmet
rElec   .            e - +0 cloak
rCorr   .            (no gloves)
SInv    .            (boots unavailable)
Will    .....        (no amulet)
Stlth   +            u - +6 ring of dexterity
HPRegen 0.29/turn    (no ring)
MPRegen 0.00/turn

%: infuse magic (-3 HP)
@: under a protective aura, on blink cooldown, flying, very slightly
contaminated, glowing
A: sickness immunity, fire resistance 2, cold vulnerability 1, float, innate
caster, HP casting, extra vitality 1
a: no special abilities


You were on level 4 of the Dungeon.
You visited 1 branch of the dungeon, and saw 4 of its levels.

You collected 214 gold pieces.

Inventory:

Hand Weapons
 l - a +0 dagger of protection (weapon)
 x - a +0 hand axe of flaming
Armour
 b - a +0 robe (worn)
 d - an orb of light (worn)
 e - a +0 cloak (worn)
 o - a +0 helmet (worn)
Jewellery
 h - a ring of fire
 u - a +6 ring of dexterity (left hand)
Wands
 a - a wand of charming (11)
 v - a wand of flame (17)
Scrolls
 f - a scroll of fear {unknown}
 i - 2 scrolls of immolation {unknown}
 j - 4 scrolls of identify {unknown}
 n - a scroll of enchant weapon {unknown}
 q - a scroll of amnesia {unknown}
 r - 2 scrolls of teleportation {unknown}
 w - a scroll of blinking
Potions
 c - a potion of ambrosia
 g - a potion of degeneration {unknown}
 k - a potion of enlightenment {unknown}
 m - a potion of mutation {unknown}
 p - 2 potions of heal wounds {unknown}
 s - a potion of haste {unknown}
 t - a potion of berserk rage {unknown}


   Skills:
 + Level 5.6 Fighting
 - Level 2.6 Short Blades
 - Level 3.2 Dodging
 + Level 3.3 Spellcasting
 + Level 3.3 Conjurations
 + Level 3.3 Hexes
   Level 0.0 Charms
 + Level 3.3 Summonings
 + Level 3.3 Necromancy
 + Level 3.3 Translocations
   Level 0.0 Transmutations
 + Level 3.3 Fire Magic
 + Level 3.3 Ice Magic
 + Level 3.3 Air Magic
 + Level 3.3 Earth Magic
 + Level 3.3 Alchemy


You knew the following spells:

 Your Spells              Type           Power      Damage    Failure   Level
a - Summon Small Mammal   Summ           44%        N/A       5%          1
b - Blink                 Tloc           22%        N/A       9%          2
c - Stone Arrow           Conj/Erth      22%        3d8       16%         3
Your spell library was empty.

Dungeon Overview and Level Annotations

Branches:
Dungeon (4/15)
 Temple: D:4-7

Altars:
Nemelex Xobeh
Zin

Shops:
D:2 (   D:3 [

Portals:
Abyss: D:4

Annotations:
D:3 1 runed translucent door, BigAl98's ghost, amateur FoFi
D:4 Crownlay's ghost, amateur DjMo


Innate Abilities, Weirdness & Mutations

You are immune to sickness and miasma.
You are immune to poison.
Your flesh is very heat resistant. (rF++)
You are vulnerable to cold. (rC-)
You float through the air rather than walking.
You learn spells naturally, not from books.
Your magical power is your life essence.
You have superior vitality. (+4 MHP)


Message History

Your hands burn!
* * * LOW HITPOINT WARNING * * *
The jelly is moderately wounded.
The jelly hits you but does no damage.
You hit the jelly.
Your hands burn!
* * * LOW HITPOINT WARNING * * *
The jelly is heavily wounded.
The jelly hits you.
* * * LOW HITPOINT WARNING * * *
You are splashed with acid.
* * * LOW HITPOINT WARNING * * *
Casting: Stone Arrow (dangerous; 16% risk of failure)
Confirm with . or Enter, or press ? or * to list all spells.
You blink.
* * * LOW HITPOINT WARNING * * *
Casting: Blink (safe; 9% risk of failure)
Confirm with . or Enter, or press ? or * to list all spells.
* * * LOW HITPOINT WARNING * * *
Your rat bites the jelly.
Your rat is burned by acid!
Casting: Summon Small Mammal (safe; 5% risk of failure)
Confirm with . or Enter, or press ? or * to list all spells.
* * * LOW HITPOINT WARNING * * *
Your rat bites the jelly.
The acid corrodes your rat!
Your rat is burned by acid!
Your rat dies!
Your rat's corpse disappears in a puff of smoke!
The jelly attacks as it pursues you! The jelly closely misses you.
Your rat bites the jelly.
Your rat is burned by acid!
Your rat dies!
Your rat's corpse disappears in a puff of smoke!
You hit the jelly.
Your weapon exudes an aura of protection.
Your hands burn!
* * * LOW HITPOINT WARNING * * *
The jelly is severely wounded.
The jelly misses you.
You hit the jelly.
Your hands burn!
You die...

.# #.....# .# #.....#
###### .# # #.....#
######....#
.#.....###.....##
#...##..!.#
................#
#...##....#
.#.....###......#
#...##....# .#...
#......# #...#.....#
.# ..
#######J###...#.....##
.#
.)......@............#
#
#######.#.........##.#
. #.#.........# # ..
..........>.## .#
.#.#..........# .#
#########'....## ..
§...#....# .#
§._.#....# .# ≈..
#....#


You could see a jelly.

Vanquished Creatures
  Sigmund (D:3)
  A scorpion (D:4)
  A hound (D:4)
  An iguana (D:4)
  Robin (D:2)
  An adder (D:2)
  2 dart slugs (D:1)
  7 orcs
  5 ball pythons
  4 endoplasms
  2 giant cockroaches
  6 hobgoblins
  7 kobolds
  2 quokkas (D:1)
  7 bats
  A frilled lizard (D:3)
  8 goblins
  4 rats
61 creatures vanquished.

Vanquished Creatures (collateral kills)
  A kobold (D:1)
  A rat (D:1)
2 creatures vanquished.

Grand Total: 63 creatures vanquished

Notes
Turn   | Place    | Note
-------+----------+-------------------------------------------
     0 | D:1      | Crownlay the Djinni Monk began the quest for the Orb.
     0 | D:1      | Reached XP level 1. HP: 20/20 MP: 0/0
   223 | D:1      | Found a faded altar of an unknown god.
   234 | D:1      | Reached XP level 2. HP: 19/25 MP: 0/0
   275 | D:1      | Reached skill level 1 in Spellcasting
   275 | D:1      | Reached skill level 1 in Conjurations
   275 | D:1      | Reached skill level 1 in Hexes
   275 | D:1      | Reached skill level 1 in Summonings
   275 | D:1      | Reached skill level 1 in Necromancy
   275 | D:1      | Reached skill level 1 in Translocations
   275 | D:1      | Reached skill level 1 in Fire Magic
   275 | D:1      | Reached skill level 1 in Ice Magic
   275 | D:1      | Reached skill level 1 in Air Magic
   275 | D:1      | Reached skill level 1 in Earth Magic
   275 | D:1      | Reached skill level 1 in Alchemy
   546 | D:1      | Reached XP level 3. HP: 29/30 MP: 0/0
   546 | D:1      | Learned a level 1 spell: Summon Small Mammal
   945 | D:2      | Identified the +6 flail of Defenestration {flame, ^Contam
                  | rN+ Int+2}
  1041 | D:2      | Noticed Robin
  1057 | D:2      | Reached XP level 4. HP: 30/37 MP: 0/0
  1083 | D:2      | Killed Robin
  1084 | D:2      | Reached skill level 4 in Fighting
  1204 | D:2      | Found Beddu's Antique Weapon Shoppe.
  1291 | D:2      | Found a sparkling altar of Nemelex Xobeh.
  1493 | D:3      | Found a runed translucent door.
  1494 | D:3      | Noticed BigAl98's ghost (amateur FoFi)
  1540 | D:3      | Found Bomit's Armour Shop.
  2254 | D:3      | Noticed Sigmund
  2287 | D:3      | Killed Sigmund
  2288 | D:3      | Reached skill level 5 in Fighting
  2288 | D:3      | Reached XP level 5. HP: 15/43 MP: 0/0
  2288 | D:3      | Learned a level 2 spell: Blink
  2288 | D:3      | Reached XP level 6. HP: 17/49 MP: 0/0
  2612 | D:4      | Found a one-way gate to the infinite horrors of the Abyss.
  2612 | D:4      | Noticed Crownlay's ghost (amateur DjMo)
  2984 | D:4      | Reached XP level 7. HP: 24/54 MP: 0/0
  2984 | D:4      | Learned a level 3 spell: Stone Arrow
  3001 | D:4      | Found a glowing silver altar of Zin.
  3039 | D:4      | Splashed by a jelly's acid

Illustrated notes

Levels and vault maps discovered:
D:1:      lemuel_arrival_hallway, layout_basic,
          hellmonk_ecumenical_altar_crossroads, minmay_pentomino_w2
D:2:      layout_basic, serial_shops, nicolae_shop_waterfront, basic_altar,
          uniq_robin
D:3:      layout_basic, ebering_ghost_reflecting_pool, serial_shops,
          nicolae_shop_waterfront, uniq_sigmund
D:4:      layout_basic, mainiacjoe_overflow_divided_tiny,
          gammafunk_ghost_abyssal_escape, gup_sewer_entry_pipe,
          uniq_crazy_yiuf_cottage

Skill      XL: |  1  2  3  4  5  6 |
---------------+-------------------+-----
Spellcasting   | 1 2 3 |  3.3
Conjurations   | 1 2 3 |  3.3
Hexes          | 1 2 3 |  3.3
Summonings     | 1 2 3 |  3.3
Necromancy     | 1 2 3 |  3.3
Translocations | 1 2 3 |  3.3
Fire Magic     | 1 2 3 |  3.3
Ice Magic      | 1 2 3 |  3.3
Air Magic      | 1 2 3 |  3.3
Earth Magic    | 1 2 3 |  3.3
Alchemy        | 1 2 3 |  3.3
Fighting       | 5 |  5.6
Short Blades   | |  2.6
Dodging        | |  3.2

Action                     |  1- 3 |  4- 6 |  7- 9 || total
---------------------------+-------+-------+-------++-------
  Melee: Short sword       |    83 |       |       ||    83
         Dagger            |    32 |   227 |    13 ||   272
   Cast: Summon Small Mamm |     2 |    10 |     2 ||    14
         Stone Arrow       |       |       |     2 ||     2
         Blink             |       |       |     1 ||     1
   Stab: Distracted        |     1 |     1 |       ||     2
 Armour: Robe              |    48 |   100 |     9 ||   157
  Dodge: Dodged            |    92 |   120 |     5 ||   217
